 Dungeon Crawl Stone Soup version 0.25-b1-41-g19641232cd (webtiles) character file.

Game seed: 4458433933864304742

1428 reearde the Chopper (level 9, 0/66 HPs)
             Began as a Human Gladiator on June 8, 2020.
             Slain by an unseen horror (8 damage)
             ... on level 6 of the Dungeon.
             The game lasted 01:14:51 (4827 turns).

reearde the Chopper (Human Gladiator)               Turns: 4827, Time: 01:14:52

Health: 0/66       AC: 14    Str: 17    XL:     9   Next: 3%
Magic:  9/9        EV:  7    Int:  9    God:
Gold:   252        SH:  0    Dex: 15    Spells: 8/8 levels left

rFire    . . .     SeeInvis .   a - +1 war axe
rCold    . . .     Gourm    .   (no shield)
rNeg     . . .     Faith    .   H - +0 plate armour
rPois    +         Spirit   .   u - +0 helmet
rElec    .         Reflect  .   (no cloak)
rCorr    .         Harm     .   Q - +0 pair of gloves
MR       .....                  (no boots)
Stlth    ..........             (no amulet)
HPRegen  0.21/turn              h - ring of poison resistance
MPRegen  0.11/turn              v - ring of wizardry

@: no status effects
A: no striking features
a: no special abilities


You were on level 6 of the Dungeon.
You were not hungry.

You visited 2 branches of the dungeon, and saw 7 of its levels.

You collected 252 gold pieces.

Inventory:

Hand Weapons
 a - a +1 war axe (weapon)
 e - a +0 scythe
 j - a +3 dagger of venom
 o - a +0 hunting sling
 p - a +0 spear
 r - a +0 mace
 E - a +0 hand axe
 I - a +0 hand axe
 L - a +0 flail
 M - a +2 vorpal hand axe
Missiles
 d - 3 throwing nets
 g - 228 stones
 n - 20 bolts
 y - 18 poisoned darts
 K - 13 arrows
 T - 4 javelins (quivered)
Armour
 b - a +0 leather armour
 c - a +0 helmet
 m - a +0 scale mail
 q - a +0 robe
 s - a +0 leather armour
 t - a +0 scale mail
 u - a +0 helmet (worn)
 w - a +0 ring mail
 x - a +0 ring mail
 B - a +0 kite shield
 C - a +0 robe
 D - a +0 centaur barding
 H - a +0 plate armour (worn)
 N - a +0 ring mail
 Q - a +0 pair of gloves (worn)
 S - a +0 robe of cold resistance
Jewellery
 h - a ring of poison resistance (left hand)
 v - a ring of wizardry (right hand)
Wands
 k - a wand of digging (3)
Scrolls
 i - 2 scrolls of immolation
 z - 2 scrolls of blinking {unknown}
 A - a scroll of amnesia {unknown}
 F - 3 scrolls of fear {unknown}
 G - a scroll of teleportation
 O - 2 scrolls of remove curse {unknown}
 P - 3 scrolls of enchant armour {unknown}
 R - a scroll of noise {unknown}
Potions
 l - 2 potions of curing {unknown}
 J - a potion of haste
Comestibles
 f - 8 rations


   Skills:
 + Level 4.5 Fighting
 + Level 7.4 Axes
 + Level 4.6 Throwing
 + Level 4.2 Armour
 + Level 3.9 Dodging
 + Level 0.5 Stealth


You had 8 spell levels left.
You didn't know any spells.
Your spell library was empty.

Dungeon Overview and Level Annotations

Branches:
Dungeon (6/15)             Temple (1/1) D:5

Altars:
Ashenzari
Cheibriados
Dithmenos
Elyvilon
Fedhas
Hepliaklqana
Kikubaaqudgha
Makhleb
Nemelex Xobeh
Okawaru
Qazlal
Ru
Sif Muna
Trog
Uskayaw
Vehumet
Wu Jian
Xom
Yredelemnul
Zin
The Shining One

Annotations:
D:4 Dowan
D:6 3 runed translucent doors, Nebesus's ghost, novice GrFi; hjaiej13's ghost, novice DrAE


Message History

Something hits you but does no damage. Something hits you!
* * * LOW HITPOINT WARNING * * *
Something hits you.
* * * LOW HITPOINT WARNING * * *
You hit something but do no damage. Something hits you but does no damage.
Something hits you.
* * * LOW HITPOINT WARNING * * *
Something hits you but does no damage.
You slash something!
Something hits you but does no damage. x2
You miss something. Something hits you.
* * * LOW HITPOINT WARNING * * *
Something hits you but does no damage. x2
You miss something. Something hits you.
* * * LOW HITPOINT WARNING * * *
Something hits you but does no damage. Something hits you.
* * * LOW HITPOINT WARNING * * *
Something hits you but does no damage. x2
You miss something. Something hits you!
You die...

#################################
.................................
.##############################.#
.>..............@.....(..# #..
..###############.######?# ###
.........................
..###############..#####. #. ..#
...... #. ..# .##.###.# # #. ..#
#. .. #. #. ..# # #.# ##. #. ..#
.# ...#.


There were no monsters in sight!

Vanquished Creatures
  Sigmund (D:5)
  Duvessa (D:4)
  2 ice beasts (D:5)
  A phantom (D:3)
  A sky beast (D:5)
  3 ogres (D:5)
  A bullfrog (D:6)
  A jelly (D:5)
  An orc priest (D:4)
  A centaur skeleton (D:5)
  A hound (D:4)
  Ijyb (D:4)
  Natasha (twice) (D:4)
  3 orc wizards (D:4)
  4 worker ants
  A hound zombie (D:4)
  2 adders
  A worm (D:3)
  A dart slug (D:1)
  3 leopard geckos
  14 orcs
  5 giant cockroaches
  7 goblins
  4 hobgoblins
  3 jackals (D:4)
  12 kobolds
  A quokka (D:5)
  4 bats
  3 frilled lizards
  A jackal skeleton (D:3)
  A jackal zombie (D:5)
  6 rats
93 creatures vanquished.

Notes
Turn   | Place    | Note
-------+----------+-------------------------------------------
     0 | D:1      | reearde the Human Gladiator began the quest for the Orb.
     0 | D:1      | Reached XP level 1. HP: 16/16 MP: 1/1
   163 | D:1      | Reached XP level 2. HP: 22/22 MP: 2/2
   964 | D:2      | Reached XP level 3. HP: 27/27 MP: 3/3
  1247 | D:2      | Found a radiant altar of Vehumet.
  1261 | D:2      | Found an iron altar of Okawaru.
  1270 | D:2      | Found a glowing golden altar of the Shining One.
  1280 | D:2      | Found a blossoming altar of Fedhas.
  1297 | D:2      | Found an ancient bone altar of Kikubaaqudgha.
  1304 | D:2      | Found a shimmering blue altar of Sif Muna.
  1310 | D:2      | Found a white marble altar of Elyvilon.
  1788 | D:3      | Reached XP level 4. HP: 25/34 MP: 4/4
  1795 | D:3      | Reached skill level 1 in Armour
  1939 | D:3      | Noticed a phantom
  1963 | D:3      | Killed a phantom
  1963 | D:3      | Reached skill level 4 in Axes
  1963 | D:3      | Reached XP level 5. HP: 19/39 MP: 5/5
  2426 | D:4      | Noticed Ijyb
  2437 | D:4      | Reached XP level 6. HP: 29/46 MP: 6/6
  2441 | D:4      | Killed Ijyb
  2463 | D:4      | Noticed Dowan
  2468 | D:4      | Noticed Duvessa
  2483 | D:4      | Killed Duvessa
  2483 | D:4      | Reached skill level 5 in Axes
  2493 | D:4      | Reached XP level 7. HP: 40/52 MP: 7/7
  2760 | D:4      | Noticed Natasha
  2768 | D:4      | Killed Natasha
  3085 | D:4      | Noticed Natasha
  3100 | D:4      | Killed Natasha
  3100 | D:4      | Reached skill level 6 in Axes
  3209 | D:5      | Entered Level 5 of the Dungeon
  3527 | D:5      | Reached XP level 8. HP: 54/60 MP: 8/8
  3768 | D:5      | Noticed Sigmund
  3773 | D:5      | Killed Sigmund
  3773 | D:5      | Reached skill level 7 in Axes
  4365 | D:5      | Found a staircase to the Ecumenical Temple.
  4376 | Temple   | Entered the Ecumenical Temple
  4662 | D:6      | Found a runed translucent gate.
  4663 | D:6      | Found a runed translucent gate.
  4663 | D:6      | Found a runed translucent gate.
  4664 | D:6      | Noticed hjaiej13's ghost (novice DrAE)
  4664 | D:6      | Noticed Nebesus's ghost (novice GrFi)
  4714 | D:6      | Reached XP level 9. HP: 56/66 MP: 9/9
  4827 | D:6      | Slain by an unseen horror

Illustrated notes

Levels and vault maps discovered:
D:1:      shiori_shiawase, layout_basic
D:2:      layout_loops_ring, grunt_temple_overflow_octagram,
          minmay_goblin_kobold_house
D:3:      layout_basic, first_ration
D:4:      layout_loops_ring, uniq_ijyb, uniq_duvessa, uniq_natasha
D:5:      layout_rooms, minmay_temple_entry_fiery, uniq_sigmund
D:6:      layout_basic, serial_shops, kennysheep_mini, gammafunk_ghost_cemetery,
          dk_yredelemnul_ordeal
Temple:   bh_familiar_temple

Skill      XL: |  1  2  3  4  5  6  7  8 |
---------------+-------------------------+-----
Armour         | 1 2 4 |  4.2
Axes           | 4 5 6 7 |  7.4
Fighting       | 3 4 |  4.5
Throwing       | 3 4 |  4.6
Dodging        | |  3.9
Stealth        | |  0.5

Action                   |  1- 3 |  4- 6 |  7- 9 || total
-------------------------+-------+-------+-------++-------
Melee: War axe           |    96 |   118 |   158 ||   372
Throw: Stone             |     8 |    30 |     1 ||    39
       Javelin           |       |       |    46 ||    46
  Use: Scroll            |     6 |       |     2 ||     8
       Potion            |       |     7 |       ||     7
  Eat: Ration            |     1 |     1 |     2 ||     4
       Chunk             |       |       |     1 ||     1
Armor: Leather armour    |    17 |       |       ||    17
       Scale mail        |    19 |     2 |       ||    21
       Plate armour      |       |    81 |   116 ||   197
Dodge: Dodged            |    68 |    27 |    35 ||   130
